2753 views
Uploaded 2020-01-18 16:16:28
Game version 1.32.0.6
41:00 long 4on4 ladder game on (8)Northshire_LV
Saved by ChuckleMan
2753 views
Uploaded 2020-01-18 16:16:28
Game version 1.32.0.6
41:00 long 4on4 ladder game on (8)Northshire_LV


239 units @ 38.9k
/ 7k
113 buildings @ 15.1k
/ 7k


| Lesser Clarity Potion | 13 | 910 |
| Healing Salve | 7 | 700 |
| Orb of Lightning | 1 | 375 |
| Potion of Healing | 2 | 300 |
| Scroll of Town Portal | 4 | 1400 |
| Boots of Speed | 1 | 250 |
| Circlet of Nobility | 1 | 175 |
| total: | 29 | 4110g |
| Peon | 13 | 975 | / | 0 |
| Troll Headhunter | 12 | 1680 | / | 240 |
| Demolisher | 7 | 1540 | / | 350 |
| Shaman | 10 | 1300 | / | 200 |
| Troll Witch Doctor | 14 | 2030 | / | 350 |
| Tauren | 5 | 1400 | / | 400 |
| Troll Batrider | 27 | 4320 | / | 1080 |
| Goblin Shredder | 1 | 375 | / | 100 |
| total: | 89 | 13620g | / | 2720w |
| Watch Tower | 10 | 1100 | / | 800 |
| Orc Burrow | 7 | 1120 | / | 280 |
| Altar of Storms | 1 | 180 | / | 50 |
| War Mill | 1 | 205 | / | 0 |
| Barracks | 1 | 180 | / | 50 |
| Voodoo Lounge | 2 | 260 | / | 60 |
| Great Hall | 1 | 385 | / | 185 |
| Spirit Lodge | 2 | 300 | / | 300 |
| Tauren Totem | 1 | 135 | / | 155 |
| Beastiary | 1 | 145 | / | 140 |
| Stronghold | 1 | 315 | / | 190 |
| Fortress | 1 | 325 | / | 190 |
| total: | 27 | 4010g | / | 2020w |
| 0:02 | Peon |
| 0:02 | Peon |
| 0:02 | Peon |
| 0:18 | Orc Burrow |
| 0:20 | Altar of Storms |
| 0:46 | Peon |
| 0:59 | War Mill |
| 1:03 | Peon |
| 1:12 | Peon |
| 1:22 | Barracks |
| 1:39 | Orc Burrow |
| 1:43 | Orc Burrow |
| 1:47 | Voodoo Lounge |
| 2:01 | Peon |
| 2:28 | Troll Headhunter |
| 2:38 | Troll Headhunter |
| 3:01 | Troll Headhunter |
| 3:10 | Summon Bear |
| 3:16 | Troll Headhunter |
| 3:23 | Watch Tower |
| 3:31 | Lesser Clarity Potion |
| 3:32 | Healing Salve |
| 3:34 | Lesser Clarity Potion |
| 4:04 | Great Hall |
| 4:39 | Summon Hawk |
| 5:04 | Stronghold |
| 5:30 | Goblin Shredder |
| 5:37 | Steel Armor |
| 5:42 | Watch Tower |
| 5:54 | Lesser Clarity Potion |
| 5:56 | Healing Salve |
| 5:57 | Lesser Clarity Potion |
| 6:01 | Steel Ranged Weapons |
| 6:31 | Boots of Speed |
| 6:49 | Peon |
| 6:49 | Peon |
| 6:49 | Peon |
| 6:52 | Summon Bear |
| 7:09 | Watch Tower |
| 7:26 | Fortress |
| 7:30 | Spirit Lodge |
| 7:31 | Spirit Lodge |
| 7:57 | Troll Headhunter |
| 7:57 | Troll Headhunter |
| 8:08 | Scroll of Town Portal |
| 8:09 | Lesser Clarity Potion |
| 8:37 | Voodoo Lounge |
| 8:53 | Demolisher |
| 8:58 | Shaman Adept Training |
| 9:53 | Witch Doctor Adept Training |
| 9:55 | Tauren Totem |
| 9:57 | Reinforced Defenses |
| 10:03 | War Stomp |
| 10:16 | Orc Burrow |
| 10:19 | Orc Burrow |
| 10:21 | Peon |
| 10:21 | Peon |
| 10:50 | Shaman Master Training |
| 10:54 | Witch Doctor Master Training |
| 10:55 | Shaman |
| 10:55 | Shaman |
| 10:55 | Shaman |
| 10:56 | Troll Witch Doctor |
| 10:56 | Troll Witch Doctor |
| 10:56 | Troll Witch Doctor |
| 10:59 | Orc Burrow |
| 11:00 | Thorium Armor |
| 11:35 | Beastiary |
| 11:47 | Tauren |
| 11:49 | Healing Salve |
| 11:49 | Lesser Clarity Potion |
| 11:52 | Scroll of Town Portal |
| 12:10 | Watch Tower |
| 12:14 | Demolisher |
| 12:14 | Troll Headhunter |
| 12:22 | Thorium Ranged Weapons |
| 12:30 | Lesser Clarity Potion |
| 12:32 | Orb of Lightning |
| 12:37 | Troll Batrider |
| 12:41 | Troll Batrider |
| 12:55 | Tauren |
| 13:29 | Troll Headhunter |
| 13:30 | Troll Headhunter |
| 13:30 | Troll Batrider |
| 13:49 | Lesser Clarity Potion |
| 13:53 | Healing Salve |
| 13:53 | Lesser Clarity Potion |
| 13:58 | Troll Batrider |
| 14:04 | Watch Tower |
| 14:28 | Shaman |
| 14:28 | Troll Witch Doctor |
| 14:44 | Watch Tower |
| 15:06 | Troll Batrider |
| 15:06 | Troll Batrider |
| 15:24 | Troll Witch Doctor |
| 15:31 | Troll Batrider |
| 15:31 | Troll Batrider |
| 15:43 | Potion of Healing |
| 15:55 | Summon Hawk |
| 16:05 | Potion of Healing |
| 16:09 | Shaman |
| 16:10 | Troll Witch Doctor |
| 16:24 | Troll Headhunter |
| 16:26 | Demolisher |
| 16:54 | Troll Batrider |
| 16:55 | Shaman |
| 16:55 | Shaman |
| 17:20 | Watch Tower |
| 17:23 | Troll Batrider |
| 17:59 | Troll Batrider |
| 17:59 | Troll Batrider |
| 17:59 | Troll Batrider |
| 18:08 | Endurance Aura |
| 18:31 | Shaman |
| 18:31 | Troll Witch Doctor |
| 18:42 | Healing Salve |
| 18:43 | Lesser Clarity Potion |
| 19:01 | Watch Tower |
| 19:02 | Watch Tower |
| 19:04 | Watch Tower |
| 19:09 | Troll Witch Doctor |
| 19:17 | Orc Burrow |
| 19:20 | Demolisher |
| 19:28 | Troll Headhunter |
| 19:47 | Troll Witch Doctor |
| 19:48 | Troll Witch Doctor |
| 21:15 | Demolisher |
| 21:16 | Burning Oil |
| 21:17 | Demolisher |
| 21:18 | Tauren |
| 21:19 | Tauren |
| 21:37 | Summon Hawk |
| 21:48 | Demolisher |
| 21:52 | Troll Witch Doctor |
| 22:34 | Shaman |
| 22:34 | Shaman |
| 22:35 | Troll Witch Doctor |
| 22:38 | Troll Batrider |
| 23:03 | Tauren |
| 24:15 | Troll Batrider |
| 24:16 | Troll Batrider |
| 24:18 | Lesser Clarity Potion |
| 24:21 | Scroll of Town Portal |
| 24:22 | Lesser Clarity Potion |
| 25:21 | Troll Headhunter |
| 25:26 | Troll Batrider |
| 25:52 | Lesser Clarity Potion |
| 26:38 | Troll Batrider |
| 26:38 | Troll Batrider |
| 26:51 | Troll Witch Doctor |
| 27:19 | Troll Batrider |
| 27:30 | Troll Witch Doctor |
| 28:09 | Endurance Aura |
| 28:11 | Troll Batrider |
| 28:11 | Troll Batrider |
| 28:49 | Scroll of Town Portal |
| 28:49 | Healing Salve |
| 29:42 | Troll Batrider |
| 29:42 | Troll Batrider |
| 30:39 | Troll Batrider |
| 30:39 | Troll Batrider |
| 31:09 | Troll Batrider |
| 31:47 | Healing Salve |
| 33:11 | Peon |
| 38:07 | Circlet of Nobility |
| Right click | 1387 |
| Select group | 1343 |
| Select | 910 |
| Build/train/purchase | 202 |
| Assign group | 161 |
| Use ability | 72 |
| Chat | 58 |
| Minimap ping | 12 |
| Misc. action | 11 |
| Resource trade | 10 |
| Item give/drop | 4 |
| Remove unit | 3 |



| Rod of Necromancy | 1 | 150 |
| Ritual Dagger | 1 | 125 |
| Sacrificial Skull | 1 | 50 |
| Potion of Healing | 2 | 300 |
| Potion of Mana | 2 | 400 |
| Orb of Corruption | 1 | 375 |
| Scroll of Town Portal | 1 | 350 |
| total: | 9 | 1750g |
| Acolyte | 14 | 1050 | / | 0 |
| Ghoul | 4 | 480 | / | 0 |
| Crypt Fiend | 17 | 3655 | / | 680 |
| Frost Wyrm | 4 | 1540 | / | 480 |
| Meat Wagon | 2 | 460 | / | 100 |
| Goblin Shredder | 1 | 375 | / | 100 |
| Raider | 2 | 360 | / | 80 |
| total: | 44 | 7920g | / | 1440w |
| Spirit Tower | 8 | 1160 | / | 320 |
| Nerubian Tower | 5 | 500 | / | 100 |
| Crypt | 2 | 400 | / | 100 |
| Altar of Darkness | 1 | 180 | / | 50 |
| Ziggurat | 14 | 2100 | / | 700 |
| Tomb of Relics | 1 | 130 | / | 30 |
| Graveyard | 1 | 215 | / | 0 |
| Sacrificial Pit | 1 | 75 | / | 150 |
| Slaughterhouse | 3 | 420 | / | 405 |
| Boneyard | 2 | 350 | / | 400 |
| Halls of the Dead | 1 | 320 | / | 210 |
| Black Citadel | 1 | 325 | / | 230 |
| total: | 25 | 3870g | / | 1835w |
| 0:07 | Acolyte |
| 0:07 | Acolyte |
| 0:07 | Acolyte |
| 0:36 | Crypt |
| 0:40 | Altar of Darkness |
| 0:42 | Ziggurat |
| 1:39 | Ghoul |
| 2:01 | Ziggurat |
| 2:03 | Tomb of Relics |
| 2:23 | Ziggurat |
| 2:54 | Graveyard |
| 3:01 | Ghoul |
| 3:14 | Rod of Necromancy |
| 3:27 | Death Coil |
| 3:57 | Halls of the Dead |
| 4:24 | Crypt Fiend |
| 4:24 | Crypt Fiend |
| 4:26 | Creature Attack |
| 5:10 | Unholy Aura |
| 5:16 | Spirit Tower |
| 5:17 | Nerubian Tower |
| 5:18 | Nerubian Tower |
| 5:22 | Creature Carapace |
| 5:26 | Ritual Dagger |
| 5:27 | Sacrificial Skull |
| 5:55 | Crypt Fiend |
| 6:02 | Crypt Fiend |
| 6:26 | Sacrificial Pit |
| 7:04 | Improved Creature Attack |
| 7:10 | Potion of Healing |
| 7:12 | Potion of Mana |
| 7:16 | Potion of Mana |
| 7:23 | Potion of Healing |
| 7:28 | Acolyte |
| 8:10 | Burrow |
| 8:18 | Web |
| 9:20 | Acolyte |
| 9:20 | Acolyte |
| 9:20 | Acolyte |
| 9:20 | Acolyte |
| 9:20 | Acolyte |
| 9:39 | Crypt Fiend |
| 10:08 | Crypt Fiend |
| 10:32 | Ziggurat |
| 10:39 | Ghoul |
| 11:12 | Crypt Fiend |
| 11:42 | Crypt Fiend |
| 11:45 | Ziggurat |
| 11:46 | Ziggurat |
| 11:48 | Ziggurat |
| 11:50 | Ziggurat |
| 11:56 | Ziggurat |
| 12:07 | Spirit Tower |
| 12:37 | Improved Creature Carapace |
| 13:00 | Goblin Shredder |
| 14:04 | Crypt Fiend |
| 14:08 | Black Citadel |
| 14:47 | Crypt Fiend |
| 15:35 | Death Coil |
| 16:49 | Crypt Fiend |
| 16:52 | Boneyard |
| 16:54 | Advanced Creature Carapace |
| 16:54 | Advanced Creature Attack |
| 17:20 | Crypt |
| 17:24 | Boneyard |
| 17:29 | Ziggurat |
| 17:34 | Nerubian Tower |
| 17:35 | Spirit Tower |
| 17:35 | Spirit Tower |
| 17:35 | Spirit Tower |
| 18:31 | Forked Lightning |
| 18:45 | Pocket Factory |
| 19:31 | Crypt Fiend |
| 19:32 | Crypt Fiend |
| 19:33 | Frost Wyrm |
| 19:35 | Frost Wyrm |
| 19:36 | Freezing Breath |
| 19:52 | Orb of Corruption |
| 21:13 | Crypt Fiend |
| 21:14 | Crypt Fiend |
| 21:19 | Crypt Fiend |
| 21:20 | Ghoul |
| 21:55 | Ghoul Frenzy |
| 21:57 | Cannibalize |
| 22:59 | Unholy Aura |
| 23:41 | Mana Shield |
| 24:13 | Acolyte |
| 24:13 | Acolyte |
| 24:13 | Acolyte |
| 24:15 | Acolyte |
| 24:19 | Nerubian Tower |
| 24:27 | Ziggurat |
| 24:29 | Ziggurat |
| 24:30 | Ziggurat |
| 24:34 | Ziggurat |
| 25:36 | Crypt Fiend |
| 25:38 | Frost Wyrm |
| 25:53 | Frost Wyrm |
| 27:29 | Acolyte |
| 27:33 | Nerubian Tower |
| 27:33 | Spirit Tower |
| 27:34 | Spirit Tower |
| 27:35 | Spirit Tower |
| 29:31 | Backpack |
| 29:34 | Scroll of Town Portal |
| 29:56 | Unholy Strength |
| 29:56 | Unholy Armor |
| 30:49 | Slaughterhouse |
| 30:51 | Slaughterhouse |
| 31:09 | Slaughterhouse |
| 32:31 | Meat Wagon |
| 32:55 | Disease Cloud |
| 33:00 | Meat Wagon |
| 35:54 | Unholy Aura |
| 38:35 | Mana Shield |
| 39:55 | Raider |
| 39:55 | Raider |
| Right click | 1100 |
| Select | 572 |
| Select group | 543 |
| Build/train/purchase | 124 |
| Chat | 112 |
| Misc. action | 109 |
| Use ability | 44 |
| Assign group | 39 |
| Resource trade | 29 |
| Minimap ping | 4 |
| Item give/drop | 2 |
| Esc | 2 |



x1)
| Scroll of Regeneration | 3 | 300 |
| Staff of Sanctuary | 2 | 500 |
| Orb of Fire | 3 | 975 |
| Potion of Healing | 2 | 300 |
| Scroll of Town Portal | 2 | 700 |
| Scroll of Healing | 2 | 500 |
| Tome of Retraining | 1 | 300 |
| total: | 15 | 3575g |
| Peasant | 25 | 1875 | / | 0 |
| Footman | 6 | 810 | / | 0 |
| Gryphon Rider | 6 | 1680 | / | 420 |
| Knight | 3 | 735 | / | 180 |
| Dragonhawk Rider | 10 | 2000 | / | 300 |
| Goblin Shredder | 1 | 375 | / | 100 |
| Goblin Zeppelin | 3 | 720 | / | 180 |
| total: | 54 | 8195g | / | 1180w |
| Scout Tower | 10 | 300 | / | 200 |
| Guard Tower | 8 | 560 | / | 400 |
| Farm | 15 | 1200 | / | 300 |
| Altar of Kings | 1 | 180 | / | 50 |
| Barracks | 3 | 480 | / | 180 |
| Arcane Vault | 2 | 260 | / | 60 |
| Blacksmith | 3 | 420 | / | 180 |
| Lumber Mill | 1 | 120 | / | 0 |
| Town Hall | 1 | 385 | / | 205 |
| Gryphon Aviary | 2 | 280 | / | 300 |
| Keep | 1 | 320 | / | 210 |
| Castle | 1 | 360 | / | 210 |
| total: | 38 | 3625g | / | 1475w |
| 0:04 | Peasant |
| 0:04 | Peasant |
| 0:09 | Farm |
| 0:12 | Altar of Kings |
| 0:21 | Barracks |
| 0:29 | Peasant |
| 0:42 | Peasant |
| 0:53 | Farm |
| 0:55 | Peasant |
| 1:11 | Peasant |
| 1:22 | Footman |
| 1:30 | Farm |
| 1:33 | Peasant |
| 1:46 | Footman |
| 1:55 | Peasant |
| 2:07 | Footman |
| 2:12 | Summon Water Elemental |
| 2:37 | Keep |
| 3:06 | Footman |
| 3:13 | Brilliance Aura |
| 3:23 | Footman |
| 3:27 | Farm |
| 3:30 | Farm |
| 3:40 | Arcane Vault |
| 3:42 | Footman |
| 4:12 | Blacksmith |
| 4:15 | Blacksmith |
| 5:03 | Peasant |
| 5:03 | Peasant |
| 5:09 | Lumber Mill |
| 5:24 | Summon Water Elemental |
| 5:35 | Farm |
| 5:42 | Scroll of Regeneration |
| 6:11 | Storm Bolt |
| 6:39 | Goblin Shredder |
| 7:11 | Town Hall |
| 7:16 | Scout Tower |
| 7:21 | Castle |
| 7:25 | Scout Tower |
| 7:27 | Scout Tower |
| 7:28 | Scout Tower |
| 7:29 | Scout Tower |
| 7:32 | Improved Masonry |
| 8:01 | Gryphon Aviary |
| 8:19 | Gryphon Aviary |
| 8:23 | Guard Tower |
| 8:27 | Farm |
| 8:31 | Farm |
| 8:32 | Farm |
| 8:48 | Iron Forged Swords |
| 8:53 | Barracks |
| 8:59 | Barracks |
| 9:03 | Guard Tower |
| 9:04 | Peasant |
| 9:05 | Peasant |
| 9:12 | Thunder Clap |
| 9:21 | Guard Tower |
| 9:22 | Advanced Masonry |
| 9:24 | Improved Lumber Harvesting |
| 9:48 | Scout Tower |
| 9:50 | Scout Tower |
| 9:54 | Gryphon Rider |
| 10:15 | Animal War Training |
| 10:15 | Sundering Blades |
| 10:41 | Storm Hammers |
| 10:45 | Staff of Sanctuary |
| 10:45 | Orb of Fire |
| 10:58 | Holy Light |
| 11:14 | Steel Forged Swords |
| 11:16 | Imbued Masonry |
| 11:28 | Brilliance Aura |
| 11:51 | Storm Bolt |
| 12:14 | Knight |
| 12:19 | Farm |
| 12:20 | Farm |
| 12:24 | Farm |
| 12:24 | Farm |
| 12:39 | Cloud |
| 12:43 | Mithril Forged Swords |
| 12:56 | Guard Tower |
| 12:58 | Scout Tower |
| 12:59 | Scout Tower |
| 13:00 | Scout Tower |
| 13:28 | Potion of Healing |
| 13:29 | Orb of Fire |
| 13:37 | Knight |
| 13:39 | Gryphon Rider |
| 13:41 | Dragonhawk Rider |
| 13:47 | Farm |
| 13:48 | Farm |
| 13:55 | Iron Plating |
| 14:26 | Goblin Zeppelin |
| 15:51 | Divine Shield |
| 15:52 | Divine Shield |
| 16:16 | Gryphon Rider |
| 16:17 | Knight |
| 16:38 | Thunder Clap |
| 16:52 | Peasant |
| 16:53 | Peasant |
| 16:53 | Peasant |
| 16:53 | Peasant |
| 17:06 | Dragonhawk Rider |
| 17:11 | Guard Tower |
| 17:13 | Peasant |
| 17:13 | Peasant |
| 17:13 | Peasant |
| 17:13 | Peasant |
| 17:42 | Holy Light |
| 17:53 | Dragonhawk Rider |
| 17:56 | Peasant |
| 18:01 | Summon Water Elemental |
| 18:11 | Scroll of Regeneration |
| 18:32 | Scroll of Town Portal |
| 19:14 | Gryphon Rider |
| 19:48 | Dragonhawk Rider |
| 21:05 | Arcane Vault |
| 21:09 | Gryphon Rider |
| 22:15 | Dragonhawk Rider |
| 22:34 | Dragonhawk Rider |
| 23:11 | Scroll of Healing |
| 23:11 | Scroll of Healing |
| 23:36 | Divine Shield |
| 24:14 | Dragonhawk Rider |
| 24:23 | Storm Bolt |
| 24:29 | Mass Teleport |
| 25:05 | Scroll of Regeneration |
| 25:10 | Scroll of Town Portal |
| 25:29 | Dragonhawk Rider |
| 25:34 | Blacksmith |
| 25:57 | Orb of Fire |
| 25:58 | Potion of Healing |
| 25:58 | Staff of Sanctuary |
| 26:38 | Dragonhawk Rider |
| 27:00 | Dragonhawk Rider |
| 27:29 | Gryphon Rider |
| 29:07 | Avatar |
| 29:09 | Holy Light |
| 31:00 | Tome of Retraining |
| 31:00 | Retrain Hero |
| 31:02 | Blizzard |
| 31:03 | Blizzard |
| 31:03 | Blizzard |
| 31:03 | Blizzard |
| 31:04 | Mass Teleport |
| 31:04 | Brilliance Aura |
| 31:04 | Brilliance Aura |
| 31:26 | Goblin Zeppelin |
| 32:22 | Peasant |
| 32:22 | Peasant |
| 32:22 | Peasant |
| 32:28 | Peasant |
| 35:23 | Brilliance Aura |
| 35:58 | Resurrection |
| 39:44 | Goblin Zeppelin |
| Right click | 1713 |
| Select group | 1226 |
| Select | 447 |
| Build/train/purchase | 244 |
| Assign group | 160 |
| Use ability | 117 |
| Misc. action | 28 |
| Item give/drop | 16 |
| Remove unit | 1 |


| Healing Salve | 3 | 300 |
| Lesser Clarity Potion | 5 | 350 |
| Orb of Lightning | 1 | 375 |
| Potion of Mana | 1 | 200 |
| Scroll of Town Portal | 5 | 1750 |
| Boots of Speed | 1 | 250 |
| Potion of Lesser Invulnerability | 1 | 150 |
| Scroll of Protection | 1 | 150 |
| Staff of Teleportation | 1 | 150 |
| total: | 19 | 3675g |
| Peon | 6 | 450 | / | 0 |
| Troll Headhunter | 11 | 1540 | / | 220 |
| Shaman | 10 | 1300 | / | 200 |
| Raider | 11 | 1980 | / | 440 |
| Wind Rider | 7 | 1855 | / | 280 |
| Tauren | 5 | 1400 | / | 400 |
| Kodo Beast | 1 | 255 | / | 60 |
| Goblin Shredder | 1 | 375 | / | 100 |
| total: | 52 | 9155g | / | 1700w |
| Watch Tower | 6 | 660 | / | 480 |
| Altar of Storms | 1 | 180 | / | 50 |
| Orc Burrow | 8 | 1280 | / | 320 |
| War Mill | 1 | 205 | / | 0 |
| Barracks | 1 | 180 | / | 50 |
| Voodoo Lounge | 1 | 130 | / | 30 |
| Great Hall | 1 | 385 | / | 185 |
| Spirit Lodge | 1 | 150 | / | 150 |
| Beastiary | 2 | 290 | / | 280 |
| Tauren Totem | 1 | 135 | / | 155 |
| Stronghold | 1 | 315 | / | 190 |
| Fortress | 1 | 325 | / | 190 |
| total: | 23 | 3595g | / | 1700w |
| 0:14 | Altar of Storms |
| 0:19 | Peon |
| 0:25 | Orc Burrow |
| 0:44 | War Mill |
| 1:02 | Peon |
| 1:25 | Peon |
| 1:33 | Barracks |
| 1:55 | Peon |
| 2:20 | Peon |
| 2:28 | Peon |
| 2:36 | Orc Burrow |
| 2:43 | Troll Headhunter |
| 2:46 | Voodoo Lounge |
| 2:58 | War Stomp |
| 3:10 | Troll Headhunter |
| 3:26 | Troll Headhunter |
| 3:36 | Orc Burrow |
| 3:53 | Healing Salve |
| 4:02 | Troll Headhunter |
| 4:37 | Troll Headhunter |
| 4:47 | Endurance Aura |
| 5:02 | Goblin Shredder |
| 5:33 | Great Hall |
| 6:24 | Stronghold |
| 6:26 | Steel Armor |
| 6:41 | Healing Salve |
| 6:58 | Lesser Clarity Potion |
| 6:58 | Healing Salve |
| 7:09 | Orc Burrow |
| 7:19 | Steel Ranged Weapons |
| 7:24 | Orc Burrow |
| 7:31 | Boots of Speed |
| 8:31 | Potion of Lesser Invulnerability |
| 8:47 | Spirit Lodge |
| 8:50 | Troll Regeneration |
| 8:58 | Thorium Armor |
| 9:02 | Beastiary |
| 9:05 | Beastiary |
| 9:18 | War Stomp |
| 10:04 | Shaman |
| 10:04 | Shaman Adept Training |
| 10:13 | Raider |
| 10:20 | Orc Burrow |
| 10:36 | Hex |
| 10:40 | Troll Headhunter |
| 10:40 | Troll Headhunter |
| 10:45 | Pillage |
| 10:48 | Thorium Ranged Weapons |
| 11:00 | Scroll of Town Portal |
| 11:32 | Tauren Totem |
| 11:36 | Troll Headhunter |
| 11:52 | Raider |
| 12:00 | Troll Headhunter |
| 12:03 | Shaman |
| 12:05 | Raider |
| 12:52 | Orc Burrow |
| 13:08 | Lesser Clarity Potion |
| 13:23 | Fortress |
| 13:26 | Troll Headhunter |
| 13:31 | Shaman |
| 13:32 | Raider |
| 13:34 | Ensnare |
| 13:36 | Raider |
| 13:56 | Orc Burrow |
| 14:12 | Scroll of Protection |
| 14:45 | Raider |
| 14:52 | Watch Tower |
| 15:00 | Scroll of Town Portal |
| 15:01 | Lesser Clarity Potion |
| 16:18 | Healing Wave |
| 16:28 | Wind Rider |
| 16:32 | Shaman |
| 16:33 | Shaman Master Training |
| 16:40 | Tauren |
| 16:44 | Watch Tower |
| 16:47 | Shaman |
| 17:24 | Troll Headhunter |
| 17:24 | Berserker Upgrade |
| 17:27 | Wind Rider |
| 17:31 | Arcanite Armor |
| 17:36 | Envenomed Spears |
| 18:10 | Scroll of Town Portal |
| 19:01 | Endurance Aura |
| 19:07 | Raider |
| 19:10 | Watch Tower |
| 19:13 | Shaman |
| 19:14 | Tauren |
| 19:15 | Pulverize |
| 19:18 | Arcanite Ranged Weapons |
| 19:40 | Orb of Lightning |
| 19:41 | Scroll of Town Portal |
| 20:09 | Raider |
| 21:13 | Watch Tower |
| 21:15 | Wind Rider |
| 21:17 | Shaman |
| 21:18 | Tauren |
| 21:55 | Wind Rider |
| 21:58 | Shaman |
| 22:15 | Lesser Clarity Potion |
| 22:20 | Lesser Clarity Potion |
| 22:24 | Potion of Mana |
| 22:48 | Watch Tower |
| 22:58 | Healing Wave |
| 24:50 | Watch Tower |
| 24:53 | Wind Rider |
| 24:59 | Shaman |
| 25:01 | Tauren |
| 25:05 | Reinforced Defenses |
| 25:05 | Spiked Barricades |
| 25:06 | Steel Melee Weapons |
| 26:32 | Wind Rider |
| 26:36 | Shaman |
| 26:38 | Tauren |
| 26:41 | Raider |
| 26:54 | Wind Rider |
| 27:11 | Scroll of Town Portal |
| 27:35 | War Drums Damage Increase |
| 27:37 | Kodo Beast |
| 29:55 | Raider |
| 29:56 | Raider |
| 32:52 | Staff of Teleportation |
| Right click | 767 |
| Select | 421 |
| Build/train/purchase | 130 |
| Use ability | 54 |
| Chat | 11 |
| Minimap ping | 6 |
| Resource trade | 5 |
| Item give/drop | 3 |
218 units @ 34.8k
/ 5.3k
359 buildings @ 23.2k
/ 11.7k



| Scroll of Regeneration | 6 | 600 |
| Potion of Healing | 1 | 150 |
| Staff of Sanctuary | 3 | 750 |
| Lesser Clarity Potion | 3 | 210 |
| Orb of Fire | 1 | 325 |
| Scroll of Town Portal | 4 | 1400 |
| Boots of Speed | 3 | 750 |
| Staff of Teleportation | 3 | 450 |
| Circlet of Nobility | 1 | 175 |
| total: | 25 | 4810g |
| Peasant | 31 | 2325 | / | 0 |
| Goblin Shredder | 2 | 750 | / | 200 |
| Goblin Zeppelin | 1 | 240 | / | 60 |
| total: | 34 | 3315g | / | 260w |
| Scout Tower | 261 | 7830 | / | 5220 |
| Arcane Tower | 1 | 70 | / | 50 |
| Guard Tower | 62 | 4340 | / | 3100 |
| Altar of Kings | 1 | 180 | / | 50 |
| Farm | 5 | 400 | / | 100 |
| Lumber Mill | 6 | 720 | / | 0 |
| Arcane Vault | 4 | 520 | / | 120 |
| Town Hall | 4 | 1540 | / | 820 |
| Blacksmith | 1 | 140 | / | 60 |
| Arcane Sanctum | 1 | 150 | / | 140 |
| Keep | 1 | 320 | / | 210 |
| Castle | 1 | 360 | / | 210 |
| total: | 283 | 11480g | / | 6510w |
| 0:03 | Peasant |
| 0:04 | Peasant |
| 0:07 | Altar of Kings |
| 0:12 | Farm |
| 0:13 | Peasant |
| 0:27 | Peasant |
| 0:40 | Farm |
| 0:53 | Peasant |
| 1:14 | Lumber Mill |
| 1:16 | Peasant |
| 1:22 | Scout Tower |
| 1:28 | Peasant |
| 1:29 | Peasant |
| 1:40 | Peasant |
| 1:51 | Scout Tower |
| 1:52 | Scout Tower |
| 1:53 | Scout Tower |
| 1:55 | Arcane Tower |
| 1:56 | Peasant |
| 2:08 | Peasant |
| 2:17 | Blizzard |
| 2:20 | Guard Tower |
| 2:22 | Peasant |
| 2:28 | Farm |
| 2:33 | Scout Tower |
| 2:36 | Peasant |
| 2:55 | Peasant |
| 3:00 | Scout Tower |
| 3:01 | Scout Tower |
| 3:02 | Guard Tower |
| 3:22 | Peasant |
| 3:30 | Guard Tower |
| 3:35 | Scout Tower |
| 3:36 | Scout Tower |
| 3:38 | Guard Tower |
| 3:40 | Farm |
| 3:44 | Peasant |
| 4:06 | Guard Tower |
| 4:10 | Scout Tower |
| 4:11 | Scout Tower |
| 4:33 | Keep |
| 4:39 | Arcane Vault |
| 4:41 | Guard Tower |
| 4:45 | Guard Tower |
| 4:46 | Scout Tower |
| 5:33 | Goblin Shredder |
| 5:46 | Brilliance Aura |
| 5:59 | Town Hall |
| 6:15 | Scroll of Regeneration |
| 6:17 | Guard Tower |
| 7:06 | Castle |
| 7:22 | Scout Tower |
| 7:23 | Scout Tower |
| 7:23 | Scout Tower |
| 7:24 | Scout Tower |
| 7:24 | Scout Tower |
| 7:28 | Scout Tower |
| 7:29 | Scout Tower |
| 7:30 | Scout Tower |
| 7:41 | Boots of Speed |
| 7:46 | Staff of Teleportation |
| 8:03 | Blacksmith |
| 8:16 | Flame Strike |
| 8:21 | Guard Tower |
| 8:37 | Peasant |
| 8:38 | Peasant |
| 8:38 | Peasant |
| 8:39 | Peasant |
| 8:46 | Scout Tower |
| 8:46 | Scout Tower |
| 8:47 | Scout Tower |
| 8:47 | Scout Tower |
| 8:48 | Scout Tower |
| 8:48 | Scout Tower |
| 8:49 | Scout Tower |
| 8:50 | Scout Tower |
| 8:51 | Scout Tower |
| 8:52 | Scout Tower |
| 8:53 | Scout Tower |
| 8:54 | Scout Tower |
| 8:55 | Scout Tower |
| 8:55 | Scout Tower |
| 9:00 | Boots of Speed |
| 9:02 | Blizzard |
| 9:07 | Guard Tower |
| 9:14 | Scout Tower |
| 9:15 | Scout Tower |
| 9:16 | Scout Tower |
| 9:17 | Scout Tower |
| 9:17 | Scout Tower |
| 9:46 | Scout Tower |
| 9:48 | Guard Tower |
| 9:50 | Scout Tower |
| 9:51 | Scout Tower |
| 9:51 | Scout Tower |
| 9:51 | Scout Tower |
| 9:53 | Guard Tower |
| 9:57 | Improved Masonry |
| 10:02 | Staff of Teleportation |
| 10:12 | Scout Tower |
| 10:12 | Scout Tower |
| 10:13 | Scout Tower |
| 10:13 | Scout Tower |
| 10:16 | Guard Tower |
| 10:18 | Guard Tower |
| 10:22 | Guard Tower |
| 10:47 | Town Hall |
| 10:49 | Scout Tower |
| 10:50 | Scout Tower |
| 10:51 | Scout Tower |
| 10:51 | Scout Tower |
| 10:59 | Guard Tower |
| 11:08 | Guard Tower |
| 11:13 | Guard Tower |
| 11:27 | Goblin Shredder |
| 11:34 | Guard Tower |
| 11:47 | Lumber Mill |
| 11:56 | Guard Tower |
| 12:07 | Town Hall |
| 12:09 | Guard Tower |
| 12:16 | Peasant |
| 12:17 | Peasant |
| 12:21 | Guard Tower |
| 12:29 | Guard Tower |
| 12:30 | Advanced Masonry |
| 12:47 | Rain of Fire |
| 12:51 | Scout Tower |
| 12:52 | Scout Tower |
| 12:53 | Scout Tower |
| 12:53 | Scout Tower |
| 12:54 | Scout Tower |
| 12:55 | Scout Tower |
| 12:55 | Scout Tower |
| 12:56 | Scout Tower |
| 13:10 | Farm |
| 13:16 | Arcane Sanctum |
| 13:20 | Scout Tower |
| 13:21 | Scout Tower |
| 13:22 | Scout Tower |
| 13:23 | Scout Tower |
| 13:23 | Scout Tower |
| 13:24 | Scout Tower |
| 13:25 | Scout Tower |
| 13:31 | Guard Tower |
| 13:46 | Guard Tower |
| 13:56 | Guard Tower |
| 13:59 | Peasant |
| 13:59 | Peasant |
| 13:59 | Peasant |
| 14:00 | Peasant |
| 14:42 | Guard Tower |
| 14:44 | Scout Tower |
| 14:45 | Scout Tower |
| 14:46 | Scout Tower |
| 14:46 | Scout Tower |
| 14:47 | Scout Tower |
| 14:47 | Scout Tower |
| 14:48 | Scout Tower |
| 14:48 | Scout Tower |
| 14:49 | Scout Tower |
| 14:49 | Scout Tower |
| 14:53 | Imbued Masonry |
| 14:53 | Improved Lumber Harvesting |
| 14:54 | Magic Sentry |
| 14:59 | Town Hall |
| 15:06 | Guard Tower |
| 15:12 | Scout Tower |
| 15:13 | Scout Tower |
| 15:14 | Scout Tower |
| 15:15 | Scout Tower |
| 15:16 | Scout Tower |
| 15:16 | Scout Tower |
| 15:19 | Guard Tower |
| 15:25 | Scout Tower |
| 15:38 | Scout Tower |
| 15:39 | Scout Tower |
| 15:40 | Scout Tower |
| 15:40 | Scout Tower |
| 15:41 | Scout Tower |
| 15:42 | Scout Tower |
| 15:45 | Guard Tower |
| 15:56 | Scout Tower |
| 15:56 | Scout Tower |
| 15:57 | Scout Tower |
| 15:57 | Scout Tower |
| 15:58 | Scout Tower |
| 15:59 | Scout Tower |
| 15:59 | Scout Tower |
| 16:02 | Guard Tower |
| 16:10 | Guard Tower |
| 16:21 | Guard Tower |
| 16:23 | Scout Tower |
| 16:23 | Scout Tower |
| 16:24 | Scout Tower |
| 16:25 | Scout Tower |
| 16:26 | Scout Tower |
| 16:27 | Scout Tower |
| 16:28 | Arcane Vault |
| 16:56 | Guard Tower |
| 16:58 | Scout Tower |
| 16:58 | Scout Tower |
| 16:59 | Scout Tower |
| 16:59 | Scout Tower |
| 17:00 | Scout Tower |
| 17:00 | Scout Tower |
| 17:01 | Scout Tower |
| 17:01 | Scout Tower |
| 17:20 | Guard Tower |
| 17:24 | Siphon Mana |
| 17:27 | Scout Tower |
| 17:28 | Scout Tower |
| 17:29 | Scout Tower |
| 17:30 | Scout Tower |
| 17:30 | Scout Tower |
| 17:32 | Guard Tower |
| 17:36 | Arcane Vault |
| 17:57 | Siphon Mana |
| 18:00 | Guard Tower |
| 18:01 | Arcane Vault |
| 18:05 | Peasant |
| 18:06 | Peasant |
| 18:06 | Peasant |
| 18:06 | Peasant |
| 18:06 | Peasant |
| 18:25 | Guard Tower |
| 19:01 | Scout Tower |
| 19:02 | Scout Tower |
| 19:03 | Scout Tower |
| 19:03 | Scout Tower |
| 19:04 | Scout Tower |
| 19:04 | Scout Tower |
| 19:05 | Scout Tower |
| 19:05 | Scout Tower |
| 19:25 | Scroll of Regeneration |
| 19:25 | Potion of Healing |
| 19:29 | Staff of Sanctuary |
| 19:38 | Guard Tower |
| 19:41 | Scout Tower |
| 19:41 | Scout Tower |
| 19:41 | Scout Tower |
| 19:42 | Scout Tower |
| 19:43 | Scout Tower |
| 19:50 | Guard Tower |
| 19:54 | Scout Tower |
| 19:54 | Scout Tower |
| 19:55 | Scout Tower |
| 19:55 | Scout Tower |
| 19:57 | Scout Tower |
| 19:57 | Scout Tower |
| 19:59 | Scout Tower |
| 19:59 | Scout Tower |
| 20:00 | Scroll of Regeneration |
| 20:01 | Scroll of Town Portal |
| 20:01 | Staff of Sanctuary |
| 20:04 | Lesser Clarity Potion |
| 20:04 | Lesser Clarity Potion |
| 20:28 | Guard Tower |
| 20:30 | Boots of Speed |
| 20:30 | Staff of Teleportation |
| 20:30 | Circlet of Nobility |
| 20:56 | Brilliance Aura |
| 20:58 | Cleaving Attack |
| 21:05 | Scout Tower |
| 21:05 | Scout Tower |
| 21:06 | Scout Tower |
| 21:07 | Scout Tower |
| 21:07 | Scout Tower |
| 21:08 | Scout Tower |
| 21:08 | Scout Tower |
| 21:09 | Scout Tower |
| 21:09 | Scout Tower |
| 21:10 | Scout Tower |
| 21:15 | Scout Tower |
| 21:16 | Scout Tower |
| 21:17 | Scout Tower |
| 21:19 | Scout Tower |
| 21:19 | Scout Tower |
| 21:22 | Scout Tower |
| 21:22 | Scout Tower |
| 21:23 | Scout Tower |
| 21:23 | Scout Tower |
| 21:24 | Scout Tower |
| 21:25 | Scout Tower |
| 21:26 | Scout Tower |
| 21:26 | Scout Tower |
| 21:27 | Scout Tower |
| 21:27 | Scout Tower |
| 21:28 | Scout Tower |
| 21:28 | Scout Tower |
| 21:29 | Scout Tower |
| 21:30 | Scout Tower |
| 21:30 | Scout Tower |
| 21:31 | Scout Tower |
| 21:32 | Scout Tower |
| 22:15 | Scout Tower |
| 22:16 | Scout Tower |
| 22:16 | Scout Tower |
| 22:17 | Scout Tower |
| 22:17 | Scout Tower |
| 22:18 | Scout Tower |
| 22:18 | Scout Tower |
| 22:19 | Scout Tower |
| 22:20 | Scout Tower |
| 22:20 | Scout Tower |
| 22:21 | Scout Tower |
| 22:21 | Scout Tower |
| 22:22 | Scout Tower |
| 22:22 | Scout Tower |
| 22:23 | Scout Tower |
| 22:23 | Scout Tower |
| 22:24 | Scout Tower |
| 22:25 | Scout Tower |
| 22:25 | Scout Tower |
| 22:26 | Scout Tower |
| 22:26 | Scout Tower |
| 22:27 | Scout Tower |
| 22:27 | Scout Tower |
| 22:28 | Scout Tower |
| 22:28 | Scout Tower |
| 22:29 | Scout Tower |
| 22:29 | Scout Tower |
| 22:30 | Scout Tower |
| 22:30 | Scout Tower |
| 22:31 | Scout Tower |
| 22:31 | Scout Tower |
| 22:34 | Guard Tower |
| 22:38 | Scroll of Town Portal |
| 22:40 | Staff of Sanctuary |
| 22:40 | Scroll of Town Portal |
| 22:45 | Guard Tower |
| 22:47 | Guard Tower |
| 22:55 | Lumber Mill |
| 22:56 | Lumber Mill |
| 23:07 | Guard Tower |
| 23:38 | Flame Strike |
| 23:46 | Guard Tower |
| 24:00 | Rain of Fire |
| 24:05 | Guard Tower |
| 24:48 | Brilliance Aura |
| 24:49 | Cleaving Attack |
| 24:51 | Guard Tower |
| 24:55 | Scout Tower |
| 24:56 | Scout Tower |
| 24:56 | Scout Tower |
| 24:57 | Scout Tower |
| 24:57 | Scout Tower |
| 24:58 | Scout Tower |
| 24:58 | Scout Tower |
| 24:59 | Scout Tower |
| 24:59 | Scout Tower |
| 25:00 | Scout Tower |
| 25:02 | Scout Tower |
| 25:03 | Scout Tower |
| 25:03 | Scout Tower |
| 25:04 | Scout Tower |
| 25:05 | Scout Tower |
| 25:05 | Scout Tower |
| 25:06 | Scout Tower |
| 25:07 | Scout Tower |
| 25:08 | Scout Tower |
| 25:08 | Scout Tower |
| 25:09 | Scout Tower |
| 25:10 | Scout Tower |
| 25:10 | Scout Tower |
| 25:11 | Scout Tower |
| 25:12 | Scout Tower |
| 25:23 | Guard Tower |
| 25:28 | Guard Tower |
| 25:42 | Guard Tower |
| 25:48 | Scout Tower |
| 25:49 | Scout Tower |
| 25:49 | Scout Tower |
| 25:50 | Scout Tower |
| 25:50 | Scout Tower |
| 25:51 | Scout Tower |
| 25:52 | Guard Tower |
| 26:37 | Guard Tower |
| 26:38 | Scout Tower |
| 26:39 | Scout Tower |
| 26:39 | Scout Tower |
| 26:46 | Scout Tower |
| 26:47 | Scout Tower |
| 26:47 | Scout Tower |
| 26:48 | Scout Tower |
| 26:49 | Scout Tower |
| 26:50 | Scout Tower |
| 26:50 | Scout Tower |
| 26:58 | Scout Tower |
| 26:58 | Scout Tower |
| 26:59 | Scout Tower |
| 26:59 | Scout Tower |
| 27:00 | Scout Tower |
| 27:01 | Scout Tower |
| 27:01 | Scout Tower |
| 27:02 | Scout Tower |
| 27:19 | Scroll of Regeneration |
| 27:28 | Guard Tower |
| 28:08 | Guard Tower |
| 28:10 | Guard Tower |
| 28:13 | Scout Tower |
| 28:13 | Scout Tower |
| 28:15 | Scout Tower |
| 28:15 | Scout Tower |
| 28:16 | Scout Tower |
| 28:16 | Scout Tower |
| 28:17 | Scout Tower |
| 28:18 | Scout Tower |
| 28:18 | Scout Tower |
| 28:18 | Scout Tower |
| 28:19 | Scout Tower |
| 28:20 | Scout Tower |
| 28:56 | Guard Tower |
| 29:01 | Lumber Mill |
| 29:03 | Lumber Mill |
| 29:06 | Lesser Clarity Potion |
| 29:07 | Scroll of Regeneration |
| 29:16 | Scroll of Town Portal |
| 29:17 | Orb of Fire |
| 29:33 | Guard Tower |
| 29:49 | Guard Tower |
| 30:08 | Guard Tower |
| 30:59 | Goblin Zeppelin |
| 31:50 | Scroll of Regeneration |
| 31:56 | Guard Tower |
| 33:01 | Guard Tower |
| 35:19 | Siphon Mana |
| 35:36 | Rain of Fire |
| 37:42 | Mass Teleport |
| 40:51 | Flame Strike |
| Right click | 828 |
| Select group | 466 |
| Select | 395 |
| Chat | 310 |
| Build/train/purchase | 221 |
| Use ability | 165 |
| Misc. action | 60 |
| Assign group | 28 |
| Minimap ping | 18 |
| Item give/drop | 10 |
| Esc | 9 |

| Staff of Preservation | 1 | 150 |
| Potion of Healing | 2 | 300 |
| Scroll of Town Portal | 4 | 1400 |
| Scroll of Healing | 2 | 500 |
| Periapt of Vitality | 2 | 650 |
| Boots of Speed | 1 | 250 |
| total: | 12 | 3250g |
| Wisp | 29 | 1740 | / | 0 |
| Archer | 32 | 4160 | / | 320 |
| Hippogryph | 22 | 3520 | / | 440 |
| Chimaera | 2 | 660 | / | 140 |
| total: | 85 | 10080g | / | 900w |
| Altar of Elders | 2 | 360 | / | 100 |
| Moon Well | 8 | 1440 | / | 320 |
| Ancient of War | 5 | 750 | / | 300 |
| Hunter's Hall | 2 | 420 | / | 200 |
| Tree of Life | 4 | 1360 | / | 740 |
| Ancient of Wonders | 2 | 180 | / | 60 |
| Ancient of Wind | 4 | 600 | / | 560 |
| Chimaera Roost | 2 | 280 | / | 380 |
| Tree of Ages | 2 | 640 | / | 360 |
| Tree of Eternity | 1 | 330 | / | 200 |
| total: | 29 | 5390g | / | 2660w |
| 0:02 | Wisp |
| 0:04 | Altar of Elders |
| 0:05 | Altar of Elders |
| 0:19 | Moon Well |
| 0:21 | Wisp |
| 0:31 | Wisp |
| 0:32 | Wisp |
| 0:51 | Ancient of War |
| 0:53 | Wisp |
| 0:54 | Wisp |
| 1:20 | Wisp |
| 1:31 | Moon Well |
| 1:36 | Wisp |
| 1:47 | Wisp |
| 1:52 | Archer |
| 2:06 | Archer |
| 2:09 | Trueshot Aura |
| 2:12 | Wisp |
| 2:29 | Archer |
| 2:40 | Tree of Ages |
| 2:56 | Archer |
| 3:11 | Moon Well |
| 3:23 | Archer |
| 3:23 | Archer |
| 3:39 | Archer |
| 4:09 | Scout |
| 4:14 | Archer |
| 4:21 | Archer |
| 4:32 | Hunter's Hall |
| 4:38 | Archer |
| 5:14 | Ancient of Wind |
| 5:14 | Ancient of Wind |
| 5:19 | Archer |
| 5:34 | Tree of Life |
| 5:55 | Archer |
| 5:57 | Improved Bows |
| 6:05 | Moon Well |
| 6:20 | Wisp |
| 6:38 | Tree of Life |
| 6:55 | Archer |
| 7:00 | Archer |
| 7:01 | Trueshot Aura |
| 7:09 | Ancient of Wonders |
| 7:45 | Archer |
| 8:00 | Hippogryph |
| 8:08 | Wisp |
| 8:14 | Tree of Life |
| 8:31 | Hippogryph |
| 9:01 | Hippogryph |
| 9:21 | Moon Well |
| 9:55 | Hunter's Hall |
| 9:58 | Hippogryph |
| 10:30 | Hippogryph |
| 10:34 | Wisp |
| 10:55 | Scout |
| 11:01 | Hippogryph |
| 11:45 | Wisp |
| 11:45 | Wisp |
| 11:45 | Wisp |
| 11:45 | Wisp |
| 11:51 | Wisp |
| 11:51 | Wisp |
| 11:57 | Strength of the Moon |
| 12:03 | Wisp |
| 12:03 | Wisp |
| 12:07 | Archer |
| 12:35 | Wisp |
| 12:37 | Tree of Eternity |
| 12:55 | Ancient of War |
| 13:00 | Moon Armor |
| 13:00 | Improved Moon Armor |
| 13:30 | Archer |
| 13:32 | Hippogryph |
| 13:50 | Hippogryph |
| 14:29 | Archer |
| 14:48 | Improved Strength of the Moon |
| 14:59 | Marksmanship |
| 15:05 | Archer |
| 15:06 | Hippogryph |
| 15:29 | Trueshot Aura |
| 15:33 | Archer |
| 15:37 | Moon Well |
| 15:58 | Archer |
| 16:26 | Starfall |
| 16:34 | Archer |
| 16:35 | Hippogryph |
| 16:57 | Advanced Strength of the Moon |
| 17:02 | Hippogryph |
| 17:18 | Scroll of Town Portal |
| 17:23 | Staff of Preservation |
| 17:30 | Potion of Healing |
| 18:34 | Hippogryph |
| 18:34 | Hippogryph |
| 18:38 | Ancient of War |
| 18:39 | Ancient of War |
| 18:50 | Ancient of Wonders |
| 19:06 | Moon Well |
| 19:09 | Wisp |
| 19:49 | Hippogryph |
| 19:54 | Advanced Moon Armor |
| 20:42 | Searing Arrows |
| 21:07 | Archer |
| 21:07 | Archer |
| 21:08 | Hippogryph |
| 21:28 | Scroll of Town Portal |
| 21:28 | Potion of Healing |
| 21:55 | Wisp |
| 21:55 | Wisp |
| 21:55 | Wisp |
| 21:57 | Wisp |
| 21:57 | Wisp |
| 22:28 | Strength of the Wild |
| 22:56 | Tree of Life |
| 24:07 | Searing Arrows |
| 24:34 | Archer |
| 24:34 | Archer |
| 24:35 | Archer |
| 24:51 | Ancient of Wind |
| 24:52 | Ancient of Wind |
| 25:00 | Scroll of Town Portal |
| 25:10 | Periapt of Vitality |
| 25:16 | Scroll of Town Portal |
| 25:57 | Improved Strength of the Wild |
| 26:02 | Hippogryph |
| 26:02 | Hippogryph |
| 26:12 | Wisp |
| 26:18 | Hippogryph |
| 27:01 | Chimaera Roost |
| 27:16 | Searing Arrows |
| 28:35 | Archer |
| 28:57 | Hippogryph |
| 29:12 | Chimaera Roost |
| 30:40 | Hippogryph |
| 30:41 | Hippogryph |
| 30:41 | Hippogryph |
| 30:42 | Archer |
| 30:43 | Archer |
| 30:43 | Archer |
| 30:43 | Archer |
| 31:20 | Advanced Strength of the Wild |
| 33:04 | Ancient of War |
| 34:37 | Reinforced Hides |
| 34:37 | Improved Reinforced Hides |
| 35:37 | Scout |
| 37:57 | Scroll of Healing |
| 38:04 | Periapt of Vitality |
| 38:58 | Scroll of Healing |
| 39:01 | Boots of Speed |
| 39:13 | Moon Well |
| 39:18 | Chimaera |
| 40:26 | Chimaera |
| Right click | 2172 |
| Select group | 1125 |
| Select | 578 |
| Misc. action | 203 |
| Build/train/purchase | 172 |
| Chat | 69 |
| Assign group | 51 |
| Use ability | 12 |
| Esc | 8 |
| Minimap ping | 7 |
| Remove unit | 6 |
| Item give/drop | 4 |


| Rod of Necromancy | 1 | 150 |
| Potion of Lesser Invulnerability | 2 | 300 |
| total: | 3 | 450g |
| Acolyte | 7 | 525 | / | 0 |
| Ghoul | 4 | 480 | / | 0 |
| Crypt Fiend | 16 | 3440 | / | 640 |
| Obsidian Statue | 8 | 1600 | / | 280 |
| Frost Wyrm | 15 | 5775 | / | 1800 |
| total: | 50 | 11820g | / | 2720w |
| Spirit Tower | 3 | 435 | / | 120 |
| Nerubian Tower | 1 | 100 | / | 20 |
| Altar of Darkness | 1 | 180 | / | 50 |
| Ziggurat | 10 | 1500 | / | 500 |
| Crypt | 2 | 400 | / | 100 |
| Tomb of Relics | 1 | 130 | / | 30 |
| Graveyard | 1 | 215 | / | 0 |
| Slaughterhouse | 1 | 140 | / | 135 |
| Sacrificial Pit | 1 | 75 | / | 150 |
| Boneyard | 1 | 175 | / | 200 |
| Halls of the Dead | 1 | 320 | / | 210 |
| Black Citadel | 1 | 325 | / | 230 |
| total: | 18 | 2815g | / | 1165w |
| 0:04 | Acolyte |
| 0:11 | Altar of Darkness |
| 0:13 | Ziggurat |
| 0:18 | Acolyte |
| 0:34 | Crypt |
| 0:50 | Tomb of Relics |
| 1:21 | Graveyard |
| 1:36 | Ghoul |
| 1:53 | Ghoul |
| 1:59 | Ziggurat |
| 2:11 | Rod of Necromancy |
| 2:14 | Death Coil |
| 2:27 | Ghoul |
| 2:50 | Halls of the Dead |
| 3:13 | Crypt Fiend |
| 3:39 | Unholy Aura |
| 3:44 | Crypt Fiend |
| 3:46 | Creature Attack |
| 4:20 | Crypt Fiend |
| 4:38 | Spirit Tower |
| 5:16 | Ziggurat |
| 5:22 | Crypt Fiend |
| 5:24 | Improved Creature Attack |
| 6:16 | Death Coil |
| 6:28 | Acolyte |
| 6:42 | Ziggurat |
| 7:01 | Creature Carapace |
| 7:08 | Frost Nova |
| 7:12 | Ziggurat |
| 7:25 | Acolyte |
| 8:01 | Crypt Fiend |
| 8:03 | Improved Creature Carapace |
| 8:26 | Slaughterhouse |
| 8:34 | Acolyte |
| 9:38 | Crypt Fiend |
| 9:51 | Frost Armor |
| 10:09 | Crypt Fiend |
| 10:20 | Obsidian Statue |
| 10:20 | Obsidian Statue |
| 10:23 | Black Citadel |
| 10:29 | Sacrificial Pit |
| 10:33 | Spirit Tower |
| 10:37 | Crypt |
| 10:50 | Crypt Fiend |
| 11:17 | Crypt Fiend |
| 11:51 | Obsidian Statue |
| 12:07 | Ziggurat |
| 12:08 | Ziggurat |
| 12:08 | Ziggurat |
| 12:20 | Nerubian Tower |
| 12:28 | Web |
| 13:06 | Advanced Creature Attack |
| 13:08 | Boneyard |
| 13:11 | Acolyte |
| 13:11 | Acolyte |
| 13:25 | Ghoul |
| 13:48 | Potion of Lesser Invulnerability |
| 14:05 | Crypt Fiend |
| 14:46 | Frost Wyrm |
| 14:48 | Crypt Fiend |
| 14:51 | Advanced Creature Carapace |
| 15:25 | Unholy Aura |
| 15:44 | Frost Nova |
| 16:23 | Crypt Fiend |
| 16:24 | Crypt Fiend |
| 16:40 | Frost Wyrm |
| 16:48 | Obsidian Statue |
| 17:12 | Spirit Tower |
| 17:53 | Frost Wyrm |
| 17:56 | Crypt Fiend |
| 18:31 | Crypt Fiend |
| 18:53 | Frost Wyrm |
| 18:55 | Ziggurat |
| 18:56 | Ziggurat |
| 19:34 | Destroyer Form |
| 20:40 | Frost Wyrm |
| 21:16 | Obsidian Statue |
| 22:01 | Crypt Fiend |
| 22:04 | Frost Wyrm |
| 24:46 | Frost Wyrm |
| 25:33 | Frost Armor |
| 26:47 | Frost Wyrm |
| 27:41 | Death Coil |
| 28:45 | Frost Wyrm |
| 28:59 | Burrow |
| 29:30 | Obsidian Statue |
| 30:09 | Frost Wyrm |
| 31:18 | Frost Wyrm |
| 31:21 | Obsidian Statue |
| 32:20 | Frost Wyrm |
| 32:52 | Obsidian Statue |
| 33:19 | Frost Wyrm |
| 36:10 | Frost Wyrm |
| 37:39 | Frost Wyrm |
| 37:48 | Potion of Lesser Invulnerability |
| 38:24 | Animate Dead |
| 38:26 | Animate Dead |
| 38:26 | Animate Dead |
| 40:41 | Frost Nova |
| 40:53 | Death and Decay |
| Right click | 1264 |
| Select | 521 |
| Select group | 477 |
| Misc. action | 181 |
| Build/train/purchase | 111 |
| Assign group | 96 |
| Use ability | 72 |
| Item give/drop | 3 |


| Scroll of Regeneration | 2 | 200 |
| Scroll of Healing | 3 | 750 |
| Scroll of Town Portal | 2 | 700 |
| Potion of Lesser Invulnerability | 1 | 150 |
| total: | 8 | 1800g |
| Peasant | 7 | 525 | / | 0 |
| Rifleman | 23 | 4715 | / | 690 |
| Spell Breaker | 12 | 2580 | / | 360 |
| Sorceress | 2 | 310 | / | 40 |
| Knight | 2 | 490 | / | 120 |
| Goblin Shredder | 1 | 375 | / | 100 |
| Forest Troll High Priest | 2 | 610 | / | 80 |
| total: | 49 | 9605g | / | 1390w |
| Barracks | 2 | 320 | / | 120 |
| Altar of Kings | 1 | 180 | / | 50 |
| Farm | 19 | 1520 | / | 380 |
| Blacksmith | 1 | 140 | / | 60 |
| Arcane Vault | 1 | 130 | / | 30 |
| Town Hall | 2 | 770 | / | 410 |
| Lumber Mill | 1 | 120 | / | 0 |
| Arcane Sanctum | 2 | 300 | / | 280 |
| Keep | 1 | 320 | / | 210 |
| Castle | 1 | 360 | / | 210 |
| total: | 29 | 3480g | / | 1330w |
| 0:02 | Peasant |
| 0:02 | Peasant |
| 0:06 | Barracks |
| 0:09 | Altar of Kings |
| 0:20 | Farm |
| 0:26 | Peasant |
| 0:39 | Peasant |
| 1:03 | Farm |
| 1:06 | Farm |
| 1:10 | Peasant |
| 1:19 | Peasant |
| 1:26 | Peasant |
| 1:43 | Blacksmith |
| 1:59 | Farm |
| 2:12 | Summon Water Elemental |
| 2:12 | Summon Water Elemental |
| 2:27 | Rifleman |
| 2:30 | Black Gunpowder |
| 2:43 | Rifleman |
| 3:07 | Farm |
| 3:10 | Rifleman |
| 3:43 | Rifleman |
| 3:59 | Keep |
| 4:05 | Arcane Vault |
| 4:15 | Brilliance Aura |
| 4:15 | Blizzard |
| 4:50 | Rifleman |
| 4:51 | Studded Leather Armor |
| 5:23 | Farm |
| 5:25 | Goblin Shredder |
| 5:51 | Scroll of Regeneration |
| 6:17 | Town Hall |
| 6:23 | Rifleman |
| 6:32 | Summon Water Elemental |
| 6:55 | Long Rifles |
| 6:57 | Farm |
| 7:21 | Rifleman |
| 8:11 | Brilliance Aura |
| 8:33 | Rifleman |
| 8:41 | Arcane Sanctum |
| 8:45 | Arcane Sanctum |
| 8:53 | Farm |
| 8:54 | Farm |
| 8:56 | Iron Forged Swords |
| 8:56 | Refined Gunpowder |
| 9:59 | Forest Troll High Priest |
| 10:11 | Farm |
| 10:12 | Farm |
| 10:23 | Scroll of Regeneration |
| 10:33 | Spell Breaker |
| 10:33 | Spell Breaker |
| 10:40 | Steel Forged Swords |
| 10:41 | Iron Plating |
| 10:55 | Holy Light |
| 11:26 | Spell Breaker |
| 11:26 | Spell Breaker |
| 12:03 | Farm |
| 12:03 | Farm |
| 12:06 | Farm |
| 12:07 | Farm |
| 13:01 | Castle |
| 13:03 | Reinforced Leather Armor |
| 13:39 | Rifleman |
| 14:00 | Forest Troll High Priest |
| 15:49 | Divine Shield |
| 15:49 | Divine Shield |
| 16:15 | Rifleman |
| 16:15 | Rifleman |
| 16:15 | Rifleman |
| 16:20 | Spell Breaker |
| 16:20 | Spell Breaker |
| 16:22 | Mithril Forged Swords |
| 16:24 | Imbued Gunpowder |
| 17:23 | Rifleman |
| 17:23 | Rifleman |
| 17:23 | Rifleman |
| 17:27 | Farm |
| 17:28 | Farm |
| 17:36 | Spell Breaker |
| 17:47 | Summon Water Elemental |
| 18:23 | Holy Light |
| 18:46 | Rifleman |
| 18:49 | Spell Breaker |
| 19:01 | Scroll of Healing |
| 19:02 | Scroll of Town Portal |
| 19:50 | Steel Plating |
| 19:51 | Dragonhide Armor |
| 20:10 | Rifleman |
| 20:11 | Rifleman |
| 21:35 | Potion of Lesser Invulnerability |
| 21:37 | Scroll of Healing |
| 21:45 | Scroll of Healing |
| 22:31 | Devotion Aura |
| 22:41 | Mass Teleport |
| 23:54 | Rifleman |
| 23:54 | Rifleman |
| 23:55 | Rifleman |
| 23:55 | Rifleman |
| 23:58 | Spell Breaker |
| 23:58 | Spell Breaker |
| 23:58 | Spell Breaker |
| 23:58 | Spell Breaker |
| 24:50 | Sorceress |
| 24:55 | Rifleman |
| 25:38 | Lumber Mill |
| 26:03 | Sorceress |
| 26:14 | Barracks |
| 27:02 | Town Hall |
| 28:42 | Divine Shield |
| 31:09 | Farm |
| 31:09 | Farm |
| 31:31 | Scroll of Town Portal |
| 32:12 | Knight |
| 32:12 | Knight |
| 32:23 | Brilliance Aura |
| 33:08 | Sundering Blades |
| 33:09 | Animal War Training |
| 36:27 | Resurrection |
| 40:56 | Blizzard |
| Right click | 1335 |
| Select group | 989 |
| Select | 471 |
| Build/train/purchase | 133 |
| Use ability | 78 |
| Assign group | 43 |
| Resource trade | 23 |
| Misc. action | 8 |
| Item give/drop | 5 |
| Remove unit | 3 |
| Esc | 1 |
| Minimap ping | 1 |
⇛